 Dungeon Crawl Stone Soup version 0.21.1-1-g345015f (webtiles) character file.

66 JrNeurotic the Poker (level 3, -1/28 HPs)
             Began as a Demonspawn Gladiator on July 11, 2018.
             Slain by a worm (6 damage)
             ... on level 2 of the Dungeon.
             The game lasted 00:08:57 (674 turns).

JrNeurotic the Poker (Demonspawn Gladiator)          Turns: 674, Time: 00:08:58

Health: -1/28      AC:  6    Str: 18    XL:     3   Next: 96%
Magic:  12/12      EV: 12    Int:  9    God:
Gold:   45         SH:  0    Dex: 14    Spells: 2/2 levels left

rFire    . . .     SeeInvis .   a - +0 trident
rCold    . . .     Gourm    .   (no shield)
rNeg     . . .     Faith    .   h - +0 ring mail
rPois    .         Spirit   .   m - +0 helmet
rElec    .         Reflect  .   (no cloak)
rCorr    .         Harm     .   (no gloves)
MR       .....                  (no boots)
Stlth    ..........             (no amulet)
HPRegen  0.09/turn              i - +3 ring of strength
MPRegen  0.13/turn              k - ring of magical power

@: no status effects
A: hooves 1, demonic guardian 1
a: no special abilities


You were on level 2 of the Dungeon.
You were not hungry.

You visited 1 branch of the dungeon, and saw 2 of its levels.

You collected 45 gold pieces.

Inventory:

Hand Weapons
 a - a +0 trident (weapon)
 e - a +0 dagger
 q - a +0 hunting sling
Missiles
 d - 3 throwing nets (quivered)
 r - 60 stones
 s - 13 poisoned needles
Armour
 b - a +0 leather armour
 c - a +0 helmet
 h - a +0 ring mail (worn)
 m - a +0 helmet (worn)
Jewellery
 i - a +3 ring of strength (left hand)
 k - a ring of magical power (right hand)
Scrolls
 j - 2 scrolls of identify {unknown}
 l - a scroll of amnesia {unknown}
 n - a scroll of fear {unknown}
 o - a scroll of random uselessness {unknown}
 p - a scroll of remove curse {unknown}
Comestibles
 f - 2 rations
 g - 11 chunks of flesh


   Skills:
 * Level 2.4 Fighting
 * Level 3.5 Polearms
 + Level 1.8 Throwing
 + Level 0.3 Armour
 * Level 3.4 Dodging


You had 2 spell levels left.
You didn't know any spells.

Dungeon Overview and Level Annotations

Branches:
Dungeon (2/15)

Altars:


Innate Abilities, Weirdness & Mutations

You have large cloven feet.
A weak demonic guardian rushes to your aid.


Message History

Aim: a worm (moderately wounded)
You reach to attack!
You barely miss the worm.
The worm is moderately wounded.
Attack whom?
Press: ? - help, Dir - move target cursor, f/p - worm
Aim: a worm (lightly wounded)
You reach to attack!
You hit the worm.
The worm is moderately wounded.
Attack whom?
Press: ? - help, Dir - move target cursor, f/p - worm
Aim: a worm (moderately wounded)
You reach to attack!
You puncture the worm!
The worm is almost dead.
Attack whom?
Press: ? - help, Dir - move target cursor, f/p - worm
Aim: a worm (severely wounded)
You hit the worm.
The worm is severely wounded.
The worm bites you.
You die...

.......#.......#
....#.....#.#..#
##...............#
##................# ####..#.#
#......##.### #.......#
#.....)...# #......#
###...##....##
##†).####.............
#####)..÷@w...............
######....)..###............##.
#........##....#.#..........##)
#...<.))###......##)........##.
#.......# #..................#.
######### #.......##...........
#.......#######.##... #####...#
......# #...# .....##


You could see a worm.

Vanquished Creatures
  Robin (D:2)
  An adder (D:2)
  A dart slug (D:2)
  A leopard gecko (D:1)
  A giant cockroach (D:2)
  14 goblins
  7 hobgoblins
  2 jackals (D:1)
  A quokka (D:2)
  5 bats
  A frilled lizard (D:1)
  A kobold (D:2)
  2 rats (D:1)
38 creatures vanquished.

Vanquished Creatures (others)
  A hobgoblin (D:2)
1 creature vanquished.

Grand Total: 39 creatures vanquished

Notes
Turn   | Place    | Note
-------+----------+-------------------------------------------
     0 | D:1      | JrNeurotic the Demonspawn Gladiator began the quest for the Orb.
     0 | D:1      | Reached XP level 1. HP: 16/16 MP: 1/1
   100 | D:1      | Gained mutation: You have large cloven feet. [demonic ancestry]
   100 | D:1      | Reached XP level 2. HP: 9/22 MP: 2/2
   479 | D:2      | Gained mutation: A weak demonic guardian rushes to your aid. [demonic ancestry]
   479 | D:2      | Reached XP level 3. HP: 19/27 MP: 3/3
   513 | D:2      | Noticed Robin
   519 | D:2      | Killed Robin
   674 | D:2      | Slain by a worm

Skill      XL: |  1  2 |
---------------+-------+-----
Dodging        | 3 |  3.4
Polearms       | 3 |  3.5
Fighting       | |  2.4
Throwing       | |  1.8
Armour         | |  0.3

Action                   || total
-------------------------++-------
Melee: Trident           ||   128
       Kick              ||    18
  Use: Potion            ||     3
 Stab: Invisible         ||     2
Armor: Leather armour    ||     8
       Ring mail         ||    29
Dodge: Dodged            ||   118
